 Dungeon Crawl Stone Soup version 0.27.1 (webtiles) character file.

Game seed: 1493508939356044615

0 MajorAdolf the Twirler (level 1, 0/18 HPs)
             Began as a Naga Wanderer on Aug 29, 2021.
             Slain by a quokka (3 damage)
             ... on level 1 of the Dungeon.
             The game lasted 00:00:09 (146 turns).

MajorAdolf the Twirler (Naga Wanderer)               Turns: 146, Time: 00:00:10

Health: 0/18       AC:  1    Str: 17    XL:     1   Next: 10%
Magic:  2/2        EV:  9    Int:  9    God:
Gold:   6          SH:  0    Dex: 10    Spells: 2/2 levels left

rFire    . . .     SeeInvis +   a - +0 quarterstaff
rCold    . . .     Faith    .   (shield currently unavailable)
rNeg     . . .     Spirit   .   b - +0 robe
rPois    +         Reflect  .   (no helmet)
rElec    .         Harm     .   (no cloak)
rCorr    .         Rampage  .   (no gloves)
Will     .....                  (no barding)
Stlth    ++........             (no amulet)
HPRegen  0.06/turn              (no ring)
MPRegen  0.08/turn              (no ring)

@: short of breath, very slow
A: AC +0, large, see invisible, deformed body, poison resistance, slowness 2,
spit poison 1, naga tail 1
a: Spit Poison


You were on level 1 of the Dungeon.
You visited 1 branch of the dungeon, and saw 1 of its levels.

You collected 6 gold pieces.

Inventory:

Hand Weapons
 a - a +0 quarterstaff (weapon)
Armour
 b - a +0 robe (worn)
Scrolls
 c - a scroll of identify {unknown}
 d - a scroll of noise {unknown}
Potions
 e - a potion of degeneration {unknown}


   Skills:
 + Level 1.1 Fighting
 - Level 4.0 Staves
 - Level 1.5 Stealth
 - Level 1.0 Spellcasting
 - Level 1.0 Hexes
 - Level 1.0 Necromancy
 - Level 1.0 Evocations


You had 2 spell levels left.
You didn't know any spells.
Your spell library contained the following spells:

 Spells                   Type           Power      Damage    Failure   Level
 Animate Skeleton         Necr           4%         N/A       24%         1
 Pain                     Necr           8%         1d4       24%         1
 Vampiric Draining        Necr           1%         2d6       58%         3
 Animate Dead             Necr           1%         N/A       94%         4
 Agony                    Necr           2%         N/A       100%        5


Dungeon Overview and Level Annotations

Branches:
Dungeon (1/15)

Altars:


Innate Abilities, Weirdness & Mutations

Your serpentine skin is tough. (AC +0)
You have supernaturally acute eyesight. (SInv)
Armour fits poorly on your strangely shaped body.
Your system is resistant to poisons. (rPois)
You cover ground very slowly.
You can spit poison.
You have a snake-like lower body.


Message History

You barely miss the rat. The rat bites you.
You sock the rat!
You kill the rat!
No target in view!
No target in view!
HP restored.
You see here a rat corpse.
There is a stone staircase leading down here.
e - a black potion
Found an escape hatch in the floor.
Found 6 gold pieces.
You now have 6 gold pieces.
A quokka and an endoplasm come into view.
The endoplasm quivers.
The quokka moves out of view.
An endoplasm is nearby!
An endoplasm is nearby!
An endoplasm is nearby!
The quokka bites you.
You hit the quokka.
The quokka is lightly wounded.
The quokka barely misses you.
You hit the quokka but do no damage.
The quokka is lightly wounded.
The quokka bites you. The quokka closely misses you.
Unknown command.
The quokka bites you. The quokka bites you.
* * * LOW HITPOINT WARNING * * *
Press: ? - help, Shift-Dir - straight line, f - quokka
Aim: a quokka The splash of poison misses the quokka.
The splash of poison hits the endoplasm.
The endoplasm is heavily wounded.
The quokka barely misses you.
Unknown command.
You hit the quokka.
The quokka is severely wounded.
The quokka bites you.
You die...

##+## #.#...# #.#
#.#.### #.#
#.#.#####. ##.##
#......... ##...##
###.###### #..... #.#
#... #.#
...####.###########.#
.......Jr@..........#
.####################


You could see an endoplasm and a quokka.

Vanquished Creatures
  A rat (D:1)
1 creature vanquished.

Notes
Turn   | Place    | Note
-------+----------+-------------------------------------------
     0 | D:1      | MajorAdolf the Naga Wanderer began the quest for the Orb.
     0 | D:1      | MajorAdolf set off with the following items: a +0
                  | quarterstaff, a +0 robe; and the following spells available
                  | to memorise: Animate Skeleton, Pain, Vampiric Draining,
                  | Animate Dead, Agony
     0 | D:1      | Reached XP level 1. HP: 18/18 MP: 2/2
   146 | D:1      | Slain by a quokka

Illustrated notes

Levels and vault maps discovered:
D:1:      evilmike_arrival_hilbert_curve, layout_loops_corners,
          minmay_split_cup_small

Action                   || total
-------------------------++-------
Melee: Quarterstaff      ||     5
 Abil: Spit Poison       ||     1
Dodge: Dodged            ||     3
